 Dungeon Crawl Stone Soup version 0.31-a0-145-g046c7d2549 (webtiles) character file.

Game seed: 11962476126825055649

9 Esekla the Sneak (level 2, 21/21 HPs)
             Began as an Octopode Delver on June 6, 2023.
             Quit the game on level 5 of the Dungeon.
             The game lasted 00:00:26 (43 turns).

Esekla the Sneak (Octopode Delver)                    Turns: 43, Time: 00:00:27

Health: 21/21      AC:  1    Str: 11    XL:     2   Next: 12%
Magic:  2/2        EV: 13    Int: 12    God:
Gold:   0          SH:  0    Dex: 13    Spells: 1/1 levels left

rFire   . . .        a - +0 falchion
rCold   . . .        (no shield)
rNeg    . . .        (helmet restricted)
rPois   .            (no amulet)
rElec   .            (no ring)
rCorr   .            (no ring)
SInv    .            (no ring)
Will    .....        (no ring)
Stlth   ++++         (no ring)
HPRegen 0.23/turn    (no ring)
MPRegen 0.08/turn    (no ring)
                     (no ring)

%: no passive effects
@: no status effects
A: almost no armour, amphibious, 8 rings, camouflage 1, gelatinous body 1,
(nimble swimmer 1), tentacles
a: no special abilities


You were on level 5 of the Dungeon.
You visited 1 branch of the dungeon, and saw 1 of its levels.

Inventory:

Hand Weapons
 a - a +0 falchion (weapon)
Wands
 f - a wand of digging (3)
Scrolls
 b - a scroll of fog
 d - a scroll of fear
Potions
 e - a potion of haste


   Skills:
 * Level 3.1 Fighting
 * Level 2.1 Long Blades
 * Level 2.1 Dodging
 + Level 6.8 Stealth
 * Level 0.3 Spellcasting


You had one spell level left.
You didn't know any spells.
Your spell library was empty.

Dungeon Overview and Level Annotations

Branches:
Dungeon (5/15)
 Temple: D:4-7

Altars:
Hepliaklqana


Innate Abilities, Weirdness & Mutations

You cannot wear most types of armour.
You are amphibious.
You can wear up to eight rings at the same time.
Your skin changes colour to match your surroundings (Stealth+).
Your rubbery body absorbs attacks. (AC +1, EV +1)
((You are camouflaged when in or above water. (Stealth+)))
You have tentacles for arms and can constrict up to eight enemies at once.


Message History

Welcome, Esekla the Octopode Delver.
The heart of this dungeon contains the transcendent artefact, the Orb of Zot.
Press ? for a list of commands and other information.
Found a pair of boots.
Found a stone staircase leading down.
You see here a +0 pair of boots.
You see here a +0 pair of boots.
There is a stone staircase leading down here.
As you read the scroll of magic mapping, it crumbles to dust.
You feel aware of your surroundings.
You sensed 1 altar.
An adder comes into view.
Found 4 stones.
The adder hisses angrily.
The adder barely misses you.
You hit the adder. You grab the adder. You squeeze the adder.
You kill the adder!
You have reached level 2!
Found a hazy altar of Hepliaklqana.
You see here 4 stones.
Are you sure you want to abandon this character and quit the game? (Confirm with "yes".)

######### ****,**
###.......##*,,,,,*
#######..........#****,**
#...##..######...# *,*
#.#..#.## ##..# **,*
#...##.# ######.†# *,,*
##...#.# #...#...# *,**
#.#...# #._.....# *,*
#.##### #...@..##
*,******** #.# ########
***,*,,,,,,, #>#
*****,,,*,****,, #.#
*,,,,,,,,,* *,* #.#
******,,*** *,* #[#
*,,******,* #.#####
*,,,,,,,,,, #.....#
*,,******,* #####.# *,,*
****


There were no monsters in sight!

Vanquished Creatures
  An adder (D:5)
1 creature vanquished.

Notes
Turn   | Place    | Note
-------+----------+-------------------------------------------
     0 | D:5      | Esekla the Octopode Delver began the quest for the Orb.
     0 | D:5      | Reached XP level 1. HP: 16/16 MP: 1/1
    39 | D:5      | Reached XP level 2. HP: 21/21 MP: 2/2
    40 | D:5      | Found a hazy altar of Hepliaklqana.
    43 | D:5      | Quit the game

Illustrated notes

Levels and vault maps discovered:
D:5:      nicolae_cairo_tiling, layout_loops_ring,
          nicolae_hepliaklqana_hippocampus

Action                     || total
---------------------------++-------
  Melee: Falchion          ||     1
         Constrict         ||     1
         Tentacles         ||     1
    Use: Scroll            ||     1
  Dodge: Dodged            ||     1

Table legend: (Time is in decaauts)
 A = Elapsed time spent in this place.
 B = Non-inter-level travel time spent in this place.
 C = Inter-level travel time spent in this place.
 D = Time resting spent in this place.
 E = Time spent auto-exploring this place.
 F = Levels seen in this place.
 G = Mean time per level.
                   A        B        C        D        E       F      G
               +--------+--------+--------+--------+--------+-----+--------+
         Total |     43 |     43 |      0 |      0 |      0 |   1 |   43.0 |
       Dungeon |     43 |     43 |      0 |      0 |      0 |   1 |   43.0 |
               +--------+--------+--------+--------+--------+-----+--------+

Top non-repeatable levels by time:
     D:5: 43 daAuts
